 Dungeon Crawl Stone Soup version 0.21.1-1-g345015fe64 (webtiles) character file.

43 Oravi the Changer (level 3, 0/26 HPs)
             Began as a Merfolk Transmuter on May 18, 2018.
             Slain by an adder (3 damage)
             ... on level 2 of the Dungeon.
             The game lasted 00:03:32 (1471 turns).

Oravi the Changer (Merfolk Transmuter)              Turns: 1471, Time: 00:03:34

Health: 0/26       AC:  2    Str: 10    XL:     3   Next: 58%
Magic:  6/15       EV: 21    Int: 13    God:
Gold:   39         SH:  0    Dex: 19    Spells: 0/6 levels left

rFire    . . .     SeeInvis .     - Unarmed
rCold    . . .     Gourm    .   (shield currently unavailable)
rNeg     . . .     Faith    .   (armour currently unavailable)
rPois    x         Spirit   .   (helmet currently unavailable)
rElec    .         Reflect  .   (cloak currently unavailable)
rCorr    .         Harm     .   (gloves currently unavailable)
MR       .....                  (boots currently unavailable)
Stlth    ++........             (no amulet)
HPRegen  0.08/turn              e - ring of magical power
MPRegen  0.14/turn              (no ring)

@: lethally poisoned (0 -> -6), spider-form, very slightly contaminated
A: tiny, (change form in water), (swift swim), (stealthy swim)
a: End Transformation


You were on level 2 of the Dungeon.
You were hungry.
You were a venomous arachnid creature.
You visited 1 branch of the dungeon, and saw 2 of its levels.

You collected 39 gold pieces.

Inventory:

Hand Weapons
 h - a +2 spear of venom
Missiles
 a - 38 arrows
Armour
 b - a +0 robe (melded)
 m - a +0 shield
Jewellery
 e - a ring of magical power (left front leg)
Scrolls
 g - a scroll of teleportation {unknown}
 k - a scroll of noise {unknown}
 l - 2 scrolls of random uselessness {unknown}
Potions
 j - a potion of agility
Books
 c - a book of Changes

   Spells                             Type                      Level
   a - Beastly Appendage              Transmutation                1
   b - Sticks to Snakes               Transmutation                2
   c - Spider Form                    Transmutation/Poison         3
   d - Ice Form                       Ice/Transmutation            4
   e - Blade Hands                    Transmutation                5
Comestibles
 d - 5 rations
 i - 3 chunks of flesh


   Skills:
 - Level 1.1 Fighting
 - Level 2.6 Dodging
 - Level 3.3 Unarmed Combat
 - Level 2.0 Spellcasting
 + Level 5.1 Transmutations


You couldn't memorise any spells.
You knew the following spells:

 Your Spells              Type           Power        Failure   Level  Hunger
a - Spider Form           Tmut/Pois      #.........   47%         3    ####...
b - Sticks to Snakes      Tmut           ##......     14%         2    ###....
c - Beastly Appendage     Tmut           ##....       11%         1    ##.....


Dungeon Overview and Level Annotations

Branches:
Dungeon (2/15)

Altars:


Message History

You miss the adder.
The adder is severely wounded.
The adder bites you.
* * * LOW HITPOINT WARNING * * *
You are lethally poisoned!
The adder poisons you! The adder closely misses you.
You closely miss the adder.
The adder is severely wounded.
* * * LOW HITPOINT WARNING * * *
You feel sick. The adder completely misses you.
You completely miss the adder.
The adder is severely wounded.
The adder misses you.
You hit the adder.
The adder is poisoned.
The adder is almost dead.
* * * LOW HITPOINT WARNING * * *
You feel sick. The adder bites you.
* * * LOW HITPOINT WARNING * * *
The adder bites you.
You die...

#.####[#.........
#####...........##.##
..............#.# .#
#######.#####.#.# .##
#######.# #)#.. ..
........# #... #.#
#######.# #.#. ..#
#.# #..<#†.# #..
#"sS# ### ##.##
#.######## #.........
#.#.#####. #.#.#
#.#.# #÷#.# #.#.# .#


You could see an adder.

Vanquished Creatures
  An adder (D:2)
  An ooze (D:2)
  2 leopard geckos
  A ball python (D:1)
  A giant cockroach (D:2)
  2 goblins (D:1)
  2 hobgoblins (D:2)
  3 jackals (D:1)
  3 bats
  A frilled lizard (D:1)
  6 kobolds (D:1)
  4 rats
27 creatures vanquished.

Notes
Turn   | Place    | Note
-------+----------+-------------------------------------------
     0 | D:1      | Oravi the Merfolk Transmuter began the quest for the Orb.
     0 | D:1      | Reached XP level 1. HP: 15/15 MP: 3/3
   121 | D:1      | Reached skill level 3 in Transmutations
   214 | D:1      | Reached XP level 2. HP: 20/21 MP: 3/5
   469 | D:1      | Reached skill level 4 in Transmutations
   989 | D:2      | Reached XP level 3. HP: 7/26 MP: 6/6
  1233 | D:2      | Learned a level 2 spell: Sticks to Snakes
  1237 | D:2      | Learned a level 3 spell: Spider Form
  1445 | D:2      | Reached skill level 5 in Transmutations
  1471 | D:2      | Slain by an adder

Skill      XL: |  1  2  3 |
---------------+----------+-----
Transmutations | 3 4 5 |  5.1
Fighting       | |  1.1
Dodging        | |  2.6
Unarmed Combat | |  3.3
Spellcasting   | |  2.0

Action                   || total
-------------------------++-------
Melee: Unarmed           ||    87
       Headbutt          ||    10
 Cast: Beastly Appendage ||    18
       Spider Form       ||     4
  Use: Scroll            ||     5
       Potion            ||     1
 Stab: Sleeping          ||     1
  Eat: Chunk             ||     2
Armor: Robe              ||    14
       Skin              ||     3
Dodge: Dodged            ||    83
